 Dungeon Crawl Stone Soup version 0.28-a0-2-g643f2454ad (webtiles) character file.

Game seed: 17707569872688679788

16935 avis the Martial Artist (level 12, -8/81 HPs)
             Began as an Octopode Transmuter on July 21, 2021.
             Was an Initiate of Gozag.
             Killed from afar by a molten gargoyle (28 damage)
             ... with a bolt of magma
             ... in a volcano on July 22, 2021.
             The game lasted 01:46:19 (20619 turns).

avis the Martial Artist (Octopode Transmuter)      Turns: 20619, Time: 01:46:21

Health: -8/81      AC:  2    Str: 12    XL:     12   Next: 42%
Magic:  12/16      EV: 25    Int: 16    God:    Gozag
Gold:   407        SH:  5    Dex: 21    Spells: 9/17 levels left

rFire   + . .      SeeInvis +     - Unarmed
rCold   . . .      Faith    .   (shield currently unavailable)
rNeg    + . .      Spirit   .   (helmet currently unavailable)
rPois   .          Reflect  +   l - amulet "Heudghi" {Reflect rN+ Dex+2 SH+5 Stlth+}
rElec   .          Harm     .   v - ring of see invisible
rCorr   +          Rampage  .   K - ring of wizardry
Will    +....                   L - ring of resist corrosion
Stlth   ++++++....              (no ring)
HPRegen 0.23/turn               I - ring of poison resistance
MPRegen 0.15/turn               Y - ring "Watantisk" {Fly Will+ SInv Stlth+}
                                W - ring of protection from fire
                                (no ring)

@: spider-form, gold aura, flying
A: venomous fangs, almost no armour, (amphibious), 8 rings, tiny, (camouflage
1), (gelatinous body 1), (nimble swimmer 1), (tentacles)
a: End Transformation, Renounce Religion, Potion Petition, Call Merchant, Bribe
Branch


You were in a volcano.
You worshipped Gozag.
Gozag was aware of your devotion.
You were a venomous arachnid creature.
You visited 3 branches of the dungeon, and saw 14 of its levels.
You also visited: Ossuary and Volcano.

You collected 2087 gold pieces.
You spent 1613 gold pieces at shops.
You paid 67 gold pieces to Gozag.

Inventory:

Hand Weapons
 a - a +4 quick blade (melded)
 b - a +0 longbow
 i - a +3 scythe of venom
 s - a +0 hunting sling
 w - a +0 hand crossbow
 P - a +2 quarterstaff of chaos
 Q - a +2 dagger of speed
 U - a +1 vampiric dagger
 V - a +0 dagger of venom
Missiles
 d - 373 arrows
 e - 402 stones
 j - 55 sling bullets
 q - 86 bolts
 B - 17 poisoned darts
 H - 5 atropa-tipped darts (quivered)
Armour
 x - a +0 kite shield
Jewellery
 f - the ring "Fuogg" {Ice Int+5}
   (You acquired it in the Ecumenical Temple)

   [ring of ice]

   It enhances your ice magic.
   Int:       It affects your intelligence (+5).
   rF:        It makes you vulnerable to fire.
   rC:        It protects you from cold.
 l - the amulet "Heudghi" (around neck) {Reflect rN+ Dex+2 SH+5 Stlth+}
   (You bought it in a shop on level 4 of the Dungeon)

   [amulet of reflection]

   It reflects blocked missile attacks.
   Dex:       It affects your dexterity (+2).
   rN:        It protects you from negative energy.
   SH:        It affects your SH (+5).
   Stlth:     It makes you more stealthy.
 v - a ring of see invisible (left front leg)
 I - a ring of poison resistance (on tentacle)
 K - a ring of wizardry (right front leg)
 L - a ring of resist corrosion (on tentacle)
 W - a ring of protection from fire (on tentacle)
 Y - the ring "Watantisk" (on tentacle) {Fly Will+ SInv Stlth+}
   (You bought it in a shop on level 4 of the Dungeon)

   [ring of flight]

   SInv:      It lets you see invisible.
   Fly:       It grants you flight.
   Will:      It increases your willpower.
   Stlth:     It makes you more stealthy.
Wands
 o - a wand of flame (38)
 y - a wand of acid (3)
 F - a wand of paralysis (5)
 J - a wand of iceblast (15)
Scrolls
 g - 2 scrolls of blinking
 k - 6 scrolls of teleportation
 m - 2 scrolls of noise {unknown}
 p - a scroll of holy word {unknown}
 u - 3 scrolls of fog {unknown}
 D - a scroll of enchant armour {unknown}
 E - a scroll of silence {unknown}
 G - 2 scrolls of enchant weapon {unknown}
 S - a scroll of fear {unknown}
 X - a scroll of brand weapon {unknown}
Potions
 c - 2 potions of might
 h - 3 potions of curing
 n - 4 potions of flight
 r - a potion of degeneration
 t - 2 potions of lignification
 z - a potion of cancellation
 A - 2 potions of resistance
 C - a potion of attraction
 M - 2 potions of experience
 N - 2 potions of heal wounds
 O - a potion of ambrosia {unknown}
 T - a potion of haste {unknown}


   Skills:
 - Level 7.0 Fighting
 - Level 7.0 Dodging
 - Level 7.0 Stealth
 * Level 14.9 Unarmed Combat
 - Level 3.0 Spellcasting
 - Level 5.0 Transmutations
 - Level 4.0 Ice Magic
 - Level 2.0 Poison Magic


You had 9 spell levels left.
You knew the following spells:

 Your Spells              Type           Power      Damage    Failure   Level
a - Beastly Appendage     Tmut           36%        N/A       3%          1
p - Spider Form           Tmut/Pois      6%         N/A       12%         3
q - Ice Form              Ice/Tmut       16%        N/A       22%         4

Your spell library contained the following spells:

 Spells                   Type           Power      Damage    Failure   Level
 Wereblood                Tmut           18%        N/A       4%          2
 Corpse Rot               Necr/Air       N/A        N/A       22%         2
 Sublimation of Blood     Necr           1%         N/A       22%         2
 Tukima's Dance           Hex            2%         N/A       38%         3
 Dispel Undead            Necr           2%         3d7       71%         4
 Passage of Golubria      Tloc           N/A        N/A       71%         4
 Yara's Violent Unravell  Hex/Tmut       5%         3d4       71%         5
 Death Channel            Necr           1%         N/A       100%        6
 Summon Hydra             Summ           1%         N/A       100%        7


Dungeon Overview and Level Annotations

Branches:
Dungeon (12/15)            Temple (1/1) D:6            Lair (1/6) D:11
    Orc (0/2) D:10        Ossuary (visited)         Volcano (1/1)

Altars:
Ashenzari
Cheibriados
Dithmenos
Elyvilon
Fedhas
Gozag
Hepliaklqana
Kikubaaqudgha
Makhleb
Nemelex Xobeh
Okawaru
Qazlal
Ru
Sif Muna
Trog
Uskayaw
Vehumet
Wu Jian
Xom
Yredelemnul
Zin
The Shining One
Beogh

Shops:
D:4 =   D:5 (   D:10 (

Portals:
Trove: D:11 (give +8 demon blade)

Annotations:
D:11 2 transporters, Spaninq's ghost, journeyman PaBe


Innate Abilities, Weirdness & Mutations

You are a venomous arachnid creature.
You have poisonous fangs.
You are tiny and dextrous.
Your spellcasting is less reliable in this form.
Your armour is entirely melded.
You are incapable of wielding weapons or throwing items.
You cannot wear most types of armour.
((You are amphibious.))
You can wear up to eight rings at the same time.
((Your skin changes colour to match your surroundings (Stealth+).))
((Your rubbery body absorbs attacks. (AC +1, EV +1)))
((You are camouflaged near water. (Stealth+)))
((You have tentacles for arms and can constrict up to eight enemies at once.))


Message History

The molten gargoyle is heavily damaged.
You block the molten gargoyle's attack.
You bite the molten gargoyle!
The molten gargoyle is almost destroyed.
The molten gargoyle blasts magma at you!
The bolt of magma misses you.
You hit the molten gargoyle but do no damage.
The molten gargoyle is almost destroyed.
You completely miss the molten gargoyle.
The molten gargoyle is almost destroyed.
The molten gargoyle misses you.
You hit the molten gargoyle.
You destroy the molten gargoyle!
You hit the molten gargoyle.
The molten gargoyle is lightly damaged.
You barely miss the molten gargoyle.
The molten gargoyle is lightly damaged.
The molten gargoyle hits you with a +0 flail!
You are engulfed in flames.
You resist.
You bite the molten gargoyle!
The molten gargoyle is moderately damaged.
The molten gargoyle misses you.
You barely miss the molten gargoyle.
The molten gargoyle is moderately damaged.
Your transformation has ended.
Your +4 quick blade unmelds from your body.
The molten gargoyle blasts magma at you!
The bolt of magma hits you! You partially resist.
Casting: Spider Form (dangerous; 5% risk of failure)
Confirm with . or Enter, or press ? or * to list all spells.
You turn into a venomous arachnid creature.
Your +4 quick blade melds into your body.
The molten gargoyle blasts magma at you!
The bolt of magma hits you!! You partially resist.
* * * LOW HITPOINT WARNING * * *
You feel better.
The molten gargoyle blasts magma at you!
The bolt of magma hits you!! You partially resist.
You die...
Your body crumbles into a pile of gold.

### ###.##
#.##
##≈...###.§☼##
#§≈....#§§☼☼§#
#≈☼.∩..+§§≈§§.
#≈≈≈..##vv≈§≈§
#≈≈≈..##≈§○≈≈#
#≈≈≈..########
#☼☼.∩..s#
#☼≈....#9#
##≈...###..
###.## #.# ##
##


You could see a molten gargoyle and 2 fire vortices.

Vanquished Creatures
  4 two-headed ogres
  A death yak (D:11)
  Pikel (D:7)
  A deep elf pyromancer (D:12)
  2 cyclopes
  An elephant (D:11)
  A molten gargoyle (Volcano)
  A black mamba (Lair:1)
  A cane toad (Lair:1)
  A kobold demonologist (D:5)
  Maggie (D:6)
  A komodo dragon (Lair:1)
  3 trolls
  A hornet (D:10)
  Grinder (D:6)
  5 blink frogs
  Prince Ribbit (D:6)
  Sigmund (D:2)
  A shadow (D:10)
  A vampire (D:8)
  Eustachio (D:4)
  A wraith (D:12)
  2 wyverns
  12 yaks
  A basilisk (D:11)
  A steam dragon (D:9)
  Menkaure (D:6)
  3 water moccasins
  A sky beast (D:5)
  6 orc warriors
  2 ice beasts (D:6)
  3 black bears
  13 centaurs
  2 lemures
  5 bullfrogs
  2 scorpions (D:6)
  15 killer bees
  3 wights (D:8)
  3 howler monkeys (D:9)
  4 bullfrog zombies
  2 centaur zombies
  2 hounds
  7 orc priests
  Crazy Yiuf (D:2)
  A scorpion zombie (D:5)
  An iguana (D:4)
  7 orc wizards
  A hound skeleton (D:4)
  3 howler monkey zombies
  8 mummies (Ossuary)
  4 gnolls (D:3)
  A howler monkey skeleton (D:4)
  An adder (D:2)
  A shadow imp (D:5)
  An ufetubus (D:6)
  A worm zombie (D:8)
  An adder skeleton (D:5)
  2 worms
  3 dart slugs
  19 orcs
  6 bats
  9 endoplasms
  A giant cockroach (D:4)
  A gnoll zombie (Ossuary)
  3 hobgoblins
  6 jackals
  4 quokkas
  4 ball pythons
  3 frilled lizards
  9 goblins
  3 hobgoblin zombies (Ossuary)
  A jackal zombie (D:8)
  9 kobolds
  A kobold zombie (Ossuary)
  3 orc zombies (Ossuary)
  5 rats
  A rat zombie (D:8)
247 creatures vanquished.

Vanquished Creatures (others)
  A fungus (Lair:1)
  8 plants
  3 withered plants (D:8)
12 creatures vanquished.

Grand Total: 259 creatures vanquished

Notes
Turn   | Place    | Note
-------+----------+-------------------------------------------
     0 | D:1      | avis the Octopode Transmuter began the quest for the Orb.
     0 | D:1      | Reached XP level 1. HP: 13/13 MP: 3/3
    58 | D:1      | Reached skill level 1 in Stealth
   215 | D:1      | Reached XP level 2. HP: 18/18 MP: 3/5
   519 | D:1      | Found a faded altar of an unknown god.
   680 | D:1      | Reached skill level 1 in Poison Magic
   745 | D:1      | Reached XP level 3. HP: 23/24 MP: 6/6
   817 | D:1      | Learned a level 3 spell: Spider Form
  1553 | D:2      | Noticed Sigmund
  1823 | D:2      | Reached XP level 4. HP: 29/30 MP: 5/7
  2127 | D:2      | Found a runed translucent door.
  2128 | D:2      | Noticed Crazy Yiuf
  2559 | D:3      | Found an opulent altar of Gozag.
  2559 | D:3      | Found a hazy altar of Hepliaklqana.
  2567 | D:3      | Found a faded altar of an unknown god.
  2569 | D:3      | Found a shimmering blue altar of Sif Muna.
  2571 | D:3      | Found a radiant altar of Vehumet.
  2931 | D:3      | Noticed a black bear
  2939 | D:3      | Killed a black bear
  2940 | D:3      | Reached skill level 4 in Unarmed Combat
  2940 | D:3      | Reached XP level 5. HP: 18/37 MP: 4/8
  3172 | D:3      | Noticed a black bear
  3185 | D:3      | Killed a black bear
  3186 | D:3      | Reached XP level 6. HP: 34/43 MP: 6/9
  3511 | D:3      | Reached skill level 5 in Unarmed Combat
  3775 | D:4      | Found a broken altar of Ashenzari.
  3795 | D:4      | Found an ornate altar of the Wu Jian Council.
  3960 | D:4      | Found Utur's Jewellery Shoppe.
  4756 | D:4      | Reached skill level 5 in Fighting
  5097 | D:5      | Entered Level 5 of the Dungeon
  5097 | D:5      | Noticed Eustachio
  5249 | D:4      | Killed Eustachio
  5250 | D:4      | Reached XP level 7. HP: 15/50 MP: 7/10
  5617 | D:5      | Reached skill level 6 in Unarmed Combat
  5750 | D:5      | Found a shimmering altar of Xom.
  6125 | D:5      | Noticed a two-headed ogre
  6163 | D:5      | Killed a two-headed ogre
  6164 | D:5      | Reached skill level 7 in Unarmed Combat
  6164 | D:5      | Reached skill level 8 in Unarmed Combat
  6164 | D:5      | Reached XP level 8. HP: 23/55 MP: 11/11
  6346 | D:5      | Learned a level 4 spell: Ice Form
  6653 | D:5      | Found Weuzom's Antique Weapon Shop.
  6701 | D:5      | Found a shadowy altar of Dithmenos.
  6701 | D:5      | Noticed a kobold demonologist
  6758 | D:5      | Noticed a soul eater
  6764 | D:5      | Killed a kobold demonologist
  6765 | D:5      | Reached skill level 9 in Unarmed Combat
  6765 | D:5      | Reached XP level 9. HP: 61/61 MP: 9/12
  6789 | D:5      | Found a hide-covered altar of Uskayaw.
  6958 | D:6      | Noticed Menkaure
  6969 | D:6      | Killed Menkaure
  6970 | D:6      | Reached skill level 5 in Dodging
  6970 | D:6      | Noticed Prince Ribbit
  6990 | D:6      | Reached skill level 1 in Ice Magic
  7018 | D:6      | Killed Prince Ribbit
  7042 | D:6      | Noticed Grinder
  7054 | D:6      | Paralysed by Grinder for 5 turns
  7060 | D:6      | Killed Grinder
  7351 | D:6      | Found a staircase to the Ecumenical Temple.
  7377 | Temple   | Entered the Ecumenical Temple
  8117 | D:3      | Became a worshipper of Gozag Ym Sagoz the Greedy
  8342 | D:6      | Noticed Maggie
  8389 | D:6      | Killed Maggie
  8641 | D:6      | Reached skill level 10 in Unarmed Combat
  9338 | D:7      | Reached skill level 5 in Stealth
  9347 | D:7      | Reached XP level 10. HP: 35/66 MP: 8/14
  9876 | D:7      | Noticed Pikel
 10006 | D:7      | Killed Pikel
 10389 | D:4      | Bought a ring of wizardry for 420 gold pieces
 10643 | D:7      | Found a stormy altar of Qazlal.
 10786 | Temple   | Identified 2 scrolls of acquirement
 10792 | Temple   | Acquired the ring "Fuogg" {Ice Int+5}
 10795 | Temple   | Acquired a +4 quick blade
 10930 | D:8      | Reached skill level 11 in Unarmed Combat
 10941 | D:8      | Found a sand-covered staircase.
 10966 | Ossuary  | Entered an ossuary
 12235 | D:8      | Found an ancient bone altar of Kikubaaqudgha.
 12238 | D:8      | Found a blossoming altar of Fedhas.
 12664 | D:8      | Found a snail-covered altar of Cheibriados.
 13106 | D:9      | Noticed a two-headed ogre
 13115 | D:9      | Killed a two-headed ogre
 13116 | D:9      | Reached skill level 12 in Unarmed Combat
 13431 | D:9      | Reached skill level 5 in Transmutations
 13458 | D:9      | Noticed a two-headed ogre
 13477 | D:9      | Killed a two-headed ogre
 13478 | D:9      | Reached XP level 11. HP: 17/72 MP: 11/15
 13865 | D:4      | Bought the amulet "Heudghi" {Reflect rN+ Dex+2 SH+5 Stlth+}
                  | for 674 gold pieces
 14412 | D:9      | You fall into a shaft and drop 3 floors!
 14412 | D:12     | Noticed a two-headed ogre
 14425 | D:12     | Killed a two-headed ogre
 14428 | D:12     | Noticed a deep elf pyromancer
 14434 | D:12     | Killed a deep elf pyromancer
 14560 | D:12     | Noticed a cyclops
 14581 | D:11     | Found a portal to a secret trove of treasure.
 14614 | D:10     | Entered Level 10 of the Dungeon
 14620 | D:10     | Noticed a cyclops
 14927 | D:9      | Reached skill level 13 in Unarmed Combat
 15338 | Temple   | Upgraded the game from 0.27-a0-1612-gde56a17b89 to
                  | 0.28-a0-2-g643f2454ad
 15503 | D:2      | Killed Sigmund
 15572 | D:2      | Killed Crazy Yiuf
 15999 | D:10     | Found a staircase to the Orcish Mines.
 16811 | D:10     | Found Tobeuw's Antique Weapon Shop.
 17353 | D:10     | Killed a cyclops
 18426 | D:11     | Noticed a cyclops
 18444 | D:11     | Killed a cyclops
 18841 | D:11     | Found a staircase to the Lair.
 18841 | D:11     | Noticed a death yak
 18853 | D:11     | Reached XP level 12. HP: 81/81 MP: 13/16
 18866 | D:11     | Killed a death yak
 18867 | D:11     | Reached skill level 14 in Unarmed Combat
 19338 | D:11     | Found an opulent altar of Gozag.
 19496 | D:11     | Found a transporter.
 19498 | D:11     | Noticed Spaninq's ghost (journeyman PaBe)
 19518 | D:11     | Found a transporter.
 19755 | D:4      | Bought the ring "Watantisk" {Fly Will+ SInv Stlth+} for 519
                  | gold pieces
 19938 | Lair:1   | Entered Level 1 of the Lair of Beasts
 20578 | Lair:1   | Found a dark tunnel.
 20589 | Volcano  | Entered a volcano
 20619 | Volcano  | Killed from afar by a molten gargoyle

Illustrated notes

Levels and vault maps discovered:
D:1:      amcnicky_arrival_abandoned_market, layout_loops_ring,
          shapermc_ecumenical_altar_gd
D:2:      layout_rooms, serial_corexii_hall, corexii_hall_statues_x,
          chequers_hall_statues_y, hex_medium, minmay_pentomino_r2,
          uniq_sigmund, uniq_crazy_yiuf_cottage
D:3:      layout_basic, chequers_temple_overflow_minitemple, serial_curves,
          eino_curves_03, eino_curves_03
D:4:      layout_loops_corners, overflow_temple_1_default,
          mainiacjoe_overflow_paths, nicolae_wooded_promenade,
          kennysheep_generic_room_5
D:5:      layout_loops_ring, old_standard_altar,
          mainiacjoe_overflow_large_starburst, serial_shops, shop,
          uniq_eustachio
D:6:      layout_basic, minmay_temple_entry_mist, uniq_maggie, uniq_menkaure,
          uniq_grinder, uniq_prince_ribbit1
D:7:      layout_basic, mainiacjoe_overflow_alcove_1, uniq_pikel
D:8:      layout_loops_ring, grunt_temple_overflow_growth_and_decay,
          chei_slow_surprise, enter_ossuary_3, nzn_life_drinkers
D:9:      layout_irregular_city, minmay_puff
D:10:     layout_basic, minmay_orc_entry_temple_small, serial_shops, shop
D:11:     layout_cave_pools, david_lair_generic, nicolae_trove_entry_crossroad,
          gammafunk_ghost_stat_death, grunt_gozag_breadcrumbs
D:12:     layout_rooms, drop_trap
Temple:   chequers_temple_sunken
Lair:1:   layout_regular_city, lightli_volcano_entry_magma_tube,
          gammafunk_ghost_ooze, infiniplex_staircase_pool_2
Volcano:  volcano_aerie

Skill      XL: |  1  2  3  4  5  6  7  8  9 10 11 12 |
---------------+-------------------------------------+-----
Stealth        | 2 3 5 7 |  7.0
Fighting       | 2 3 4 5 6 7 |  7.0
Poison Magic   | 1 2 |  2.0
Unarmed Combat | 4 5 8 9 10 12 13 14 | 14.9
Dodging        | 3 4 5 7 |  7.0
Transmutations | 4 5 |  5.0
Ice Magic      | 4 |  4.0
Spellcasting   | 3 |  3.0

Action                   |  1- 3 |  4- 6 |  7- 9 | 10-12 || total
-------------------------+-------+-------+-------+-------++-------
Melee: Unarmed           |    24 |    87 |    87 |   434 ||   632
       Kick              |    13 |     8 |    18 |    27 ||    66
       Short sword       |    11 |       |       |       ||    11
       Constrict         |    15 |     8 |     8 |    16 ||    47
       Tentacles         |     5 |     7 |     9 |     7 ||    28
       Punch             |     1 |     1 |     3 |     7 ||    12
       Dagger            |    41 |    34 |       |       ||    75
       Rapier            |       |       |    42 |     2 ||    44
       Quick blade       |       |       |       |    71 ||    71
 Fire: Longbow           |       |     2 |       |    62 ||    64
Throw: Dart              |       |       |       |     4 ||     4
 Cast: Beastly Appendage |    28 |    12 |    10 |    19 ||    69
       Spider Form       |     7 |    22 |    22 |    57 ||   108
Evoke: Wand              |       |       |       |     2 ||     2
  Use: Potion            |       |       |     2 |     5 ||     7
       Scroll            |       |       |       |    18 ||    18
 Stab: Sleeping          |    15 |     9 |     5 |    12 ||    41
       Distracted        |       |       |       |     4 ||     4
Armor: Skin              |     5 |     8 |     3 |    23 ||    39
Dodge: Dodged            |    44 |    83 |    78 |   381 ||   586
Block: Other             |       |       |       |    51 ||    51

Table legend: (Time is in decaauts)
 A = Elapsed time spent in this place.
 B = Non-inter-level travel time spent in this place.
 C = Inter-level travel time spent in this place.
 D = Time resting spent in this place.
 E = Time spent auto-exploring this place.
 F = Levels seen in this place.
 G = Mean time per level.
                   A        B        C        D        E       F      G
               +--------+--------+--------+--------+--------+-----+--------+
         Total |  20537 |  17660 |   2877 |   5920 |   7268 |  16 | 1283.6 |
       Dungeon |  19048 |  16213 |   2835 |   5891 |   6712 |  12 | 1587.3 |
        Temple |    636 |    595 |     41 |      0 |    556 |   1 |  636.0 |
          Lair |    466 |    466 |      0 |      0 |      0 |   1 |  466.0 |
       Ossuary |    359 |    359 |      0 |     29 |      0 |   1 |  359.0 |
       Volcano |     26 |     26 |      0 |      0 |      0 |   1 |   26.0 |
               +--------+--------+--------+--------+--------+-----+--------+

Top non-repeatable levels by time:
     D:4: 2329 daAuts
     D:8: 2261 daAuts
     D:9: 2102 daAuts
     D:7: 1726 daAuts
    D:10: 1664 daAuts
     D:6: 1582 daAuts
    D:11: 1579 daAuts
     D:3: 1571 daAuts
     D:5: 1537 daAuts
     D:1: 1298 daAuts
     D:2: 1236 daAuts
  Temple: 636 daAuts
  Lair:1: 466 daAuts
 Ossuary: 359 daAuts
    D:12: 159 daAuts
